 Dungeon Sprint DCSS version 0.28.0-43-g3370ac3207 (webtiles) character file.

Game seed: 2825060834573251576

6600000 smarlow the Archmage (level 23, -46/201 HPs)
             Began as a Djinni Warper on Mar 9, 2022.
             Was the Champion of Makhleb.
             Annihilated by a meat berserker
             ... wielding a +9 battleaxe
              (60 damage)
             ... in the Dungeon (Sprint VIII: "Arena of Blood").
             The game lasted 00:04:35 (66 turns).

smarlow the Archmage (Djinni Warper)                  Turns: 66, Time: 00:04:35

Health: -46/201    AC:  6    Str: 10    XL:     23   Next: 38%
Gold:   0          EV: 33    Int: 17    God:    Makhleb [******] SH:  0 Dex: 22

rFire   + + .      SeeInvis +   i - +∞ Axe of Woe
rCold   x . .      Faith    .   (shield currently unavailable)
rNeg    . . .      Spirit   .   b - +0 leather armour
rPois   ∞          Reflect  .   (no helmet)
rElec   .          Harm     .   (no cloak)
rCorr   .          Rampage  .   (no gloves)
Will    ++...      NoTele   +   (boots unavailable)
Stlth   ++++++++++              (no amulet)
HPRegen 0.43/turn               g - ring of see invisible
MPRegen 0.00/turn               (no ring)

@: death channelling, flying
A: sickness immunity, fire resistance 2, cold vulnerability 1, float, innate
caster, HP casting, extra vitality 1
a: Renounce Religion, Minor Destruction, Lesser Servant of Makhleb, Major
Destruction, Greater Servant of Makhleb


You were in the Dungeon.
You worshipped Makhleb.
Makhleb was exalted by your worship.
You visited 1 branch

Inventory:

Hand Weapons
 a - a +0 hand axe
 i - the +∞ Axe of Woe (weapon)
   (You found it in the Dungeon)
Missiles
 d - 5 boomerangs of dispersal (quivered)
Armour
 b - a +0 leather armour (worn)
Jewellery
 g - a ring of see invisible (left hand)
Scrolls
 c - 2 scrolls of blinking
Potions
 e - a potion of curing
 f - a potion of heal wounds
 h - a potion of berserk rage


   Skills:
 O Level 27 Fighting
 + Level 9.6(11.3) Short Blades
 + Level 9.6(11.3) Long Blades
 O Level 27 Axes
 + Level 8.8(20.3) Maces & Flails
 + Level 8.8(20.3) Polearms
 + Level 9.1(12.4) Staves
 + Level 8.3(19.5) Slings
 + Level 8.3 Bows
 + Level 8.3 Crossbows
 O Level 27 Throwing
 O Level 27 Armour
 O Level 27 Dodging
 O Level 27 Stealth
 + Level 9.9 Shields
 + Level 9.9 Unarmed Combat
 O Level 27 Spellcasting
 + Level 9.9 Invocations
 + Level 9.9 Evocations


You had 5 spell levels left.
You knew the following spells:

 Your Spells              Type           Power      Damage    Failure   Level
a - Blink                 Tloc           100%       N/A       0%          2
b - Lesser Beckoning      Tloc           86%        N/A       0%          3
c - Gell's Gravitas       Tloc           86%        N/A       0%          3
d - Teleport Other        Tloc           86%        N/A       0%          3
e - Manifold Assault      Tloc           86%        N/A       0%          5
f - Foxfire               Conj/Fire      100%       2x1d9     0%          1
g - Call Imp              Summ           86%        N/A       0%          2
h - Summon Guardian Gole  Hex/Summ       86%        N/A       0%          3
i - Swiftness             Air            86%        N/A       0%          3
j - Lee's Rapid Deconstr  Erth           43%        3d22*     0%          5
k - Iskenderun's Battles  Conj           86%        2d13      0%          5
l - Death Channel         Necr           43%        N/A       0%          6
m - Haunt                 Necr/Summ      43%        N/A       1%          7
n - Summon Hydra          Summ           43%        N/A       1%          7
o - Borgnjor's Revivific  Necr           43%        N/A       1%          8
p - Ignition              Fire           43%        3d12      1%          8
Your spell library was empty.

Dungeon Overview and Level Annotations

Branches:
Dungeon (1/1)

Altars:
Makhleb


Innate Abilities, Weirdness & Mutations

You are immune to sickness and miasma.
You are immune to poison.
Your flesh is very heat resistant. (rF++)
You are vulnerable to cold. (rC-)
You float through the air rather than walking.
You learn spells naturally, not from books.
Your magical power is your life essence.
You have superior vitality. (+4 MHP)


Message History

You hear a shout!
The accursed casts a spell at you. Something smites you!
The meat berserker completely misses your spectral meat berserker.
The meat berserker hits your spectral bag of meat with a +9 battleaxe!!!
Your spectral large bag of meat hits the meat berserker.
Your spectral large bag of meat hits the meat berserker!
You hear a shout!
A meat berserker comes into view. It is wielding a +9 battleaxe.
Something hits your spectral bag of meat!
The destroyer hits you with a +9 vorpal great sword!!!!
Ouch! That really hurt!
The destroyer bites you.
Your spectral meat berserker is engulfed in blazing flames.
Your spectral meat berserker hits the bag of meat.
Your spectral meat berserker drains the bag of meat.
Your spectral meat berserker is engulfed in blazing flames.
Your spectral meat berserker fades into mist!
The bag of meat hits your spectral meat berserker with a +9 war axe!
The bag of meat hits your spectral bag of meat with a +9 war axe!!
The bag of meat hits your spectral bag of meat with a +9 war axe!!!
The bag of meat hits your spectral bag of meat with a +9 war axe!!
The meat berserker is engulfed in blazing flames.
The meat berserker hits you with a +9 battleaxe!!!
* * * LOW HITPOINT WARNING * * *
The meat berserker hits your spectral large bag of meat with a +9 battleaxe!!
The large bag of meat is engulfed in blazing flames.
The meat berserker is engulfed in blazing flames.
The meat berserker rages.
Something hits your spectral bag of meat.
The meat berserker hits your spectral bag of meat with a +9 battleaxe!!!
The meat berserker hits your spectral bag of meat with a +9 battleaxe!!
The meat berserker hits your spectral bag of meat with a +9 battleaxe!
The destroyer hits your spectral bag of meat with a +9 vorpal great sword!!!!
The destroyer bites your spectral bag of meat.
The bag of meat hits your spectral meat berserker with a +9 war axe!!
The bag of meat hits your spectral bag of meat with a +9 war axe!!
You hear a shout!
The meat berserker hits you with a +9 battleaxe!!!
You die... ############### ..Z)).Z...o...#### .o.Z).Z....O.Z...#### V.o##Z##.#####.V....#### ..oz)ZZ...oOOoZZ@O§ZoM.## ..oOO##o##§§LoZOZO)VZo.Z.

..ooO.....X§.V...§§ZOo...
...))o.#.#.§X§...#OOoZoM.
...).o........O####XVoX..
...).).L........ L)o...
...)).Z......... .Zo#..
....oOZZ.......


ZZ. . ...).Z....... ..#. You could see 2 accurseds, 4 tentacled monstrosities, 2
tyrants, 4 destroyers, a large bag of meat (inner flame), 9 meat berserkers, 12
bags of meat, 10 friendly spectral bags of meat, 2 friendly spectral meat
berserkers and a friendly spectral large bag of meat.

Vanquished Creatures
  A royal mummy (D)
  2 vampire knights (D)
  11 ogres (D)
  2 two-headed ogres (D)
  36 orcs (D)
  A skeletal warrior (D)
53 creatures vanquished.

Notes
Turn   | Place    | Note
-------+----------+-------------------------------------------
     0 | D        | Found the +∞ Axe of Woe
     0 | D        | smarlow the Djinni Warper began the quest for the Orb.
     0 | D        | Reached XP level 1. HP: 18/18 MP: 0/0
     0 | D        | Noticed a bag of meat
     1 | D        | Noticed a bag of meat
     1 | D        | Noticed a bag of meat
     4 | D        | Became a worshipper of Makhleb the Destroyer
     4 | D        | Noticed a bag of meat
     5 | D        | Noticed a bag of meat
     6 | D        | Noticed a bag of meat
     6 | D        | Noticed a meat berserker
     7 | D        | Killed a meat berserker
     7 | D        | Killed a bag of meat
     7 | D        | Reached * piety under Makhleb
     7 | D        | Noticed a bag of meat
     8 | D        | Reached XP level 2. HP: 39/39 MP: 0/0
     8 | D        | Reached XP level 3. HP: 44/44 MP: 0/0
     8 | D        | Learned a level 1 spell: Foxfire
     8 | D        | Reached XP level 4. HP: 50/50 MP: 0/0
     8 | D        | Reached XP level 5. HP: 56/56 MP: 0/0
     8 | D        | Learned a level 2 spell: Call Imp
     8 | D        | Reached XP level 6. HP: 62/62 MP: 0/0
     8 | D        | Reached XP level 7. HP: 67/67 MP: 0/0
     8 | D        | Learned a level 3 spell: Summon Guardian Golem
     8 | D        | Reached XP level 8. HP: 73/73 MP: 0/0
     8 | D        | Reached XP level 9. HP: 78/78 MP: 0/0
     8 | D        | Learned a level 3 spell: Swiftness
     8 | D        | Reached XP level 10. HP: 85/85 MP: 0/0
     8 | D        | Reached XP level 11. HP: 90/90 MP: 0/0
     8 | D        | Learned a level 5 spell: Lee's Rapid Deconstruction
     8 | D        | Reached XP level 12. HP: 96/96 MP: 0/0
     8 | D        | Reached XP level 13. HP: 102/102 MP: 0/0
     8 | D        | Learned a level 5 spell: Iskenderun's Battlesphere
     8 | D        | Noticed a bag of meat
     9 | D        | Killed a bag of meat
    10 | D        | Noticed a bag of meat
    10 | D        | Noticed a meat berserker
    11 | D        | Killed a bag of meat
    12 | D        | Reached XP level 14. HP: 111/111 MP: 0/0
    12 | D        | Killed a bag of meat
    12 | D        | Reached ** piety under Makhleb
    12 | D        | Noticed a bag of meat
    13 | D        | Noticed a bag of meat
    14 | D        | Killed a bag of meat
    14 | D        | Noticed a meat berserker
    14 | D        | Noticed a bag of meat
    15 | D        | Noticed a bag of meat
    15 | D        | Noticed a bag of meat
    15 | D        | Noticed a bag of meat
    15 | D        | Noticed a bag of meat
    16 | D        | Killed a bag of meat
    16 | D        | Killed a bag of meat
    16 | D        | Reached *** piety under Makhleb
    16 | D        | Noticed a bag of meat
    17 | D        | Reached skill level 15 in Fighting
    17 | D        | Reached skill level 15 in Axes
    17 | D        | Reached skill level 15 in Dodging
    17 | D        | Reached XP level 15. HP: 121/121 MP: 0/0
    17 | D        | Learned a level 6 spell: Death Channel
    17 | D        | Noticed a meat berserker
    18 | D        | Noticed a meat berserker
    18 | D        | Noticed a meat berserker
    19 | D        | Killed a meat berserker
    19 | D        | Reached **** piety under Makhleb
    19 | D        | Noticed a meat berserker
    20 | D        | Reached skill level 5 in Armour
    20 | D        | Reached XP level 16. HP: 130/130 MP: 0/0
    21 | D        | Noticed a large bag of meat
    22 | D        | Reached skill level 27 in Spellcasting
    22 | D        | Reached XP level 17. HP: 139/139 MP: 0/0
    22 | D        | Learned a level 7 spell: Haunt
    23 | D        | Noticed a meat berserker
    25 | D        | Reached ***** piety under Makhleb
    26 | D        | Noticed a meat berserker
    27 | D        | Reached skill level 5 in Throwing
    27 | D        | Reached XP level 18. HP: 157/157 MP: 0/0
    28 | D        | Killed a meat berserker
    28 | D        | Reached ****** piety under Makhleb
    29 | D        | Reached skill level 27 in Axes
    29 | D        | Reached skill level 10 in Armour
    30 | D        | Killed a large bag of meat
    31 | D        | Reached skill level 27 in Fighting
    31 | D        | Reached XP level 19. HP: 79/174 MP: 0/0
    31 | D        | Learned a level 7 spell: Summon Hydra
    31 | D        | Noticed a destroyer
    35 | D        | Noticed a sculptor of flesh
    35 | D        | Killed a meat berserker
    36 | D        | Reached skill level 27 in Dodging
    39 | D        | Noticed a meat berserker
    40 | D        | Killed a destroyer
    40 | D        | Noticed a sculptor of flesh
    41 | D        | Reached skill level 15 in Throwing
    41 | D        | Reached XP level 20. HP: 110/181 MP: 0/0
    41 | D        | Noticed a destroyer
    41 | D        | Noticed a destroyer
    42 | D        | Killed a meat berserker
    43 | D        | Reached skill level 27 in Armour
    44 | D        | Killed a destroyer
    45 | D        | Reached XP level 21. HP: 182/187 MP: 0/0
    45 | D        | Learned a level 8 spell: Borgnjor's Revivification
    47 | D        | Noticed a meat berserker
    48 | D        | Noticed a meat berserker
    49 | D        | Killed a meat berserker
    49 | D        | Killed a meat berserker
    50 | D        | Reached skill level 15 in Stealth
    50 | D        | Killed a meat berserker
    54 | D        | Noticed a tyrant
    54 | D        | Noticed a meat berserker
    54 | D        | Noticed a meat berserker
    54 | D        | Noticed a large bag of meat
    54 | D        | Noticed a meat berserker
    55 | D        | Noticed a destroyer
    55 | D        | Noticed a destroyer
    56 | D        | Noticed a meat berserker
    56 | D        | Noticed a meat berserker
    56 | D        | Noticed a meat berserker
    57 | D        | Noticed an accursed
    57 | D        | Noticed a meat berserker
    57 | D        | Noticed a destroyer
    57 | D        | Noticed a destroyer
    57 | D        | Noticed a tyrant
    57 | D        | Noticed an accursed
    58 | D        | Killed a meat berserker
    58 | D        | Killed a meat berserker
    58 | D        | Noticed a tyrant
    59 | D        | Reached skill level 27 in Throwing
    59 | D        | Reached XP level 22. HP: 194/194 MP: 0/0
    59 | D        | Killed a meat berserker
    60 | D        | Reached skill level 27 in Stealth
    60 | D        | Noticed a meat berserker
    61 | D        | Killed a large bag of meat
    62 | D        | Reached skill level 5 in Slings
    62 | D        | Reached skill level 5 in Bows
    62 | D        | Reached skill level 5 in Crossbows
    62 | D        | Noticed a meat berserker
    62 | D        | Noticed a large bag of meat
    63 | D        | Killed an accursed
    64 | D        | Reached XP level 23. HP: 177/201 MP: 0/0
    64 | D        | Learned a level 8 spell: Ignition
    65 | D        | Noticed an accursed
    66 | D        | Annihilated by a meat berserker

Illustrated notes

Levels and vault maps discovered:
D:        meatsprint

Skill      XL: |  1  2  3  4  5  6  7  8  9 10 11 12 13 14 15 16 17 18 19 20 21 22 |
---------------+-------------------------------------------------------------------+-----
Fighting       | 12 13 15 17 18 22 27 | 27.0
Axes           | 11 12 15 17 20 26 27 | 27.0
Throwing       | 3 4 5 6 15 24 27 | 27.0
Armour         | 3 4 5 8 12 24 27 | 27.0
Dodging        | 12 13 15 17 18 20 24 27 | 27.0
Spellcasting   | 19 21 24 26 27 | 27.0
Stealth        | 25 27 | 27.0
Short Blades   | 9 |  9.6
Long Blades    | 9 |  9.6
Maces & Flails | 8 |  8.8
Polearms       | 8 |  8.8
Staves         | 9 |  9.1
Slings         | 8 |  8.3
Bows           | 8 |  8.3
Crossbows      | 8 |  8.3
Shields        | 9 |  9.9
Unarmed Combat | 9 |  9.9
Invocations    | 9 |  9.9
Evocations     | 9 |  9.9

Action                   |  1- 3 |  4- 6 |  7- 9 | 10-12 | 13-15 | 16-18 | 19-21 | 22-24 || total
-------------------------+-------+-------+-------+-------+-------+-------+-------+-------++-------
Melee: Executioner's axe |     1 |       |       |       |     6 |     5 |     8 |     4 ||    24
 Cast: Swiftness         |       |       |       |       |     1 |       |       |       ||     1
       Death Channel     |       |       |       |       |     1 |       |       |       ||     1
       Blink             |       |       |       |       |       |       |     2 |       ||     2
       Ignition          |       |       |       |       |       |       |       |     3 ||     3
  Use: Potion            |     1 |       |       |       |       |       |       |       ||     1
 Stab: Distracted        |       |       |       |       |       |       |     1 |       ||     1
Dodge: Dodged            |       |       |       |       |       |     1 |       |     2 ||     3
